 Dungeon Crawl Stone Soup version 0.22-a0-455-ga0624bf (webtiles) character file.

912 Mgcat the Cleaver (level 8, -1/64 HPs)
             Began as a Hill Orc Berserker on June 5, 2018.
             Was a Priest of Trog.
             Splashed by a jelly's acid (5 damage)
             ... on level 5 of the Dungeon.
             The game lasted 00:06:45 (2270 turns).

Mgcat the Cleaver (Hill Orc Berserker)              Turns: 2270, Time: 00:06:45

Health: -1/64      AC: -1    Str: 22    XL:     8   Next: 9%
Magic:  8/8        EV: 11    Int:  7    God:    Trog [***...]
Gold:   169        SH:  4    Dex: 10    Spells: 7/7 levels left

rFire    . . .     SeeInvis .   a - +0 hand axe
rCold    . . .     Gourm    .   (no shield)
rNeg     . . .     Faith    .   r - +0 ring mail
rPois    .         Spirit   .   (no helmet)
rElec    .         Reflect  +   (no cloak)
rCorr    .         Harm     .   (no gloves)
MR       .....                  l - +0 pair of boots
Stlth    ..........             q - +4 amulet of reflection
HPRegen  0.20/turn              (no ring)
MPRegen  0.11/turn              (no ring)

@: lethally poisoned (-1 -> -4), corroded
A: no striking features
a: Berserk, Trog's Hand, Renounce Religion


You were on level 5 of the Dungeon.
You worshipped Trog.
Trog was most pleased with you.
You were not hungry.

You visited 1 branch of the dungeon, and saw 5 of its levels.
You also visited: Ossuary.

You collected 169 gold pieces.

Inventory:

Hand Weapons
 a - a +0 hand axe (weapon)
Armour
 l - a +0 pair of boots (worn)
   (You found it on level 2 of the Dungeon)
 p - a +0 leather armour
   (You found it on level 3 of the Dungeon)
 r - a +0 ring mail (worn)
   (You took it off an orc on level 5 of the Dungeon)
Jewellery
 f - an uncursed ring of ice {rC+, rF-}
   (You found it on level 1 of the Dungeon)
 q - a +4 amulet of reflection (around neck)
   (You found it on level 3 of the Dungeon)
Wands
 o - a wand of enslavement (20)
   (You found it on level 4 of the Dungeon)
Scrolls
 e - 2 scrolls of remove curse
 g - a scroll of amnesia {unknown}
 i - 2 scrolls of identify
 j - a scroll of enchant weapon {unknown}
 n - 4 scrolls of teleportation
Potions
 b - a potion of ambrosia {unknown}
 d - 2 potions of brilliance
 h - a potion of might
 k - a potion of resistance
 m - 4 potions of agility
Comestibles
 c - 2 chunks of flesh {@w0}


   Skills:
 - Level 3.6 Fighting
 + Level 12.0 Axes
 - Level 2.1 Armour
 - Level 1.5 Dodging


You had 7 spell levels left.
You didn't know any spells.
Your spell library was empty.

Dungeon Overview and Level Annotations

Branches:
Dungeon (5/15)
 Temple: D:4-7

Altars:


Message History

The orc's wounds heal themselves!
The orc hits you with a club.
You barely miss the orc priest. You slash the orc!
You kill the orc!
Trog accepts your kill. The orc priest barely misses you.
Unknown command.
You barely miss the orc priest. You hit the orc but do no damage.
The orc hits you.
The orc priest calls down the wrath of Beogh upon you.
Beogh smites you!
You hit the orc priest.
The orc priest is lightly wounded.
You hit the orc but do no damage. You slash the orc priest!
The orc priest is severely wounded.
You closely miss the orc. The orc hits you.
The orc priest hits you with a dagger of venom.
You are poisoned.
You hit the orc priest.
The orc priest is almost dead.
The orc priest shouts, "Surrender to Beogh and we'll let you live!"
You hit the orc.
You feel sick. The orc hits you but does no damage.
The orc priest hits you but does no damage.
You are more poisoned.
You hit the orc priest but do no damage.
The orc priest is almost dead.
You closely miss the orc.
You feel sick.
You hit the orc.
You kill the orc!
Trog accepts your kill.
You closely miss the orc priest.
You feel sick. You block the orc priest's attack.
The orc priest shouts, "Surrender to Beogh and we'll let you live!"
You hit the orc priest but do no damage.
The orc priest is almost dead.
You feel sick.
The orc priest threatens, "By the altar or by the axe, you will meet Beogh!"
The orc priest shouts, "Join the one true god or die!"
The orc priest hits you but does no damage.
You are more poisoned.
You hit the orc priest but do no damage.
The orc priest is almost dead.
You feel sick.
You hit the orc priest.
You kill the orc priest!
Trog accepts your kill.
Your Axes skill increases to level 12!
You feel sick.
You feel sick.
Things that are here:
a dagger of venom; a ring mail You feel sick.
Things that are here:
a ring mail; a short sword; a leather armour
r - a ring mail You feel sick.
You feel sick.
Wear which item? (? for menu, Esc to quit)
Okay, then.
Wear which item? (? for menu, Esc to quit)
You feel sick.
You start removing your armour.
You continue taking off your +0 leather armour.
You feel sick.
You continue taking off your +0 leather armour.
You feel sick.
You continue taking off your +0 leather armour.
You feel sick.
You continue taking off your +0 leather armour.
You feel sick.
The jelly quivers.
You finish taking off your +0 leather armour.
Wear which item? (? for menu, Esc to quit)
You feel sick.
Keep equipping yourself?
You start putting on your armour.
You continue putting on your ring mail.
You feel sick.
The jelly jiggles.
You continue putting on your ring mail. x2
You feel sick.
You continue putting on your ring mail.
You feel sick.
You finish putting on your +0 ring mail.
You slash the jelly!
Your hands burn!
* * * LOW HITPOINT WARNING * * *
The jelly is heavily wounded.
The jelly closely misses you.
You slash the jelly!
Your hands burn!
* * * LOW HITPOINT WARNING * * *
The jelly is almost dead.
You feel sick.
You hit the jelly but do no damage. The acid corrodes you!
Your hands burn!
* * * LOW HITPOINT WARNING * * *
The jelly is almost dead.
The jelly hits you.
* * * LOW HITPOINT WARNING * * *
The acid corrodes you!
You are splashed with acid!
The acid burns!
* * * LOW HITPOINT WARNING * * *
You hit the jelly but do no damage.
Your hands burn!
You die...

...##.# #...#.# #...#.#
# #.....#.# ##.......##
##..........
..###........#
8......)J# . .
...###..)@#####.... #.
##..)........$ #.
##........... ##.##
#..†........ ##...##
#..####.....
####.....####..####.....
........................
................########
########.....#..#


You could see a jelly.

Vanquished Creatures
  Grinder (D:4)
  The ghost of junkhipster the Covered, an amateur GrFi (D:3)
  3 elf zombies (Ossuary)
  A centaur zombie (Ossuary)
  A human zombie (Ossuary)
  An orc priest (D:5)
  3 big kobold zombies (Ossuary)
  3 mummies (Ossuary)
  5 adders
  5 adder zombies (Ossuary)
  2 worms (D:2)
  A dart slug (D:3)
  4 leopard geckos
  9 orcs
  A ball python (D:5)
  A giant cockroach (D:2)
  4 goblins
  11 hobgoblins
  A quokka (D:3)
  3 bats
  2 frilled lizards (D:3)
  3 goblin zombies (Ossuary)
  3 hobgoblin zombies (Ossuary)
  A jackal skeleton (D:5)
  4 jackal zombies (Ossuary)
  3 kobolds
  4 kobold zombies (Ossuary)
  An orc zombie (Ossuary)
  6 quokka zombies (Ossuary)
  2 rats
  2 rat zombies (Ossuary)
92 creatures vanquished.

Notes
Turn   | Place    | Note
-------+----------+-------------------------------------------
     0 | D:1      | Mgcat the Hill Orc Berserker began the quest for the Orb.
     0 | D:1      | Reached XP level 1. HP: 19/19 MP: 1/1
   429 | D:1      | Reached XP level 2. HP: 26/26 MP: 2/2
   495 | D:2      | Reached skill level 5 in Axes
   545 | D:2      | Reached XP level 3. HP: 31/31 MP: 3/3
   609 | D:2      | Reached skill level 6 in Axes
   706 | D:2      | Reached ** piety under Trog
   745 | D:2      | Reached XP level 4. HP: 39/39 MP: 4/4
   759 | D:3      | Noticed junkhipster's ghost (amateur GrFi)
   811 | D:3      | Killed junkhipster's ghost
   811 | D:3      | Reached skill level 8 in Axes
   811 | D:3      | Reached XP level 5. HP: 36/45 MP: 5/5
   811 | D:3      | Reached XP level 6. HP: 41/51 MP: 6/6
  1154 | D:4      | Noticed Grinder
  1165 | D:4      | Killed Grinder
  1165 | D:4      | Reached skill level 10 in Axes
  1165 | D:4      | Reached XP level 7. HP: 57/57 MP: 7/7
  1281 | D:4      | Found a sand-covered staircase.
  1287 | Ossuary  | Entered an ossuary
  1399 | Ossuary  | HP: 12/57 [elf zombie (5)]
  1405 | Ossuary  | HP: 4/85 [elf zombie (6)]
  1694 | Ossuary  | Reached *** piety under Trog
  1757 | Ossuary  | Reached skill level 11 in Axes
  1915 | Ossuary  | Reached XP level 8. HP: 26/64 MP: 8/8
  1928 | Ossuary  | HP: 11/64 [mummy (12)]
  2195 | D:5      | Entered Level 5 of the Dungeon
  2252 | D:5      | Reached skill level 12 in Axes
  2268 | D:5      | HP: 16/64 [acid (3)]
  2269 | D:5      | HP: 4/64 [acid (5)]
  2270 | D:5      | Splashed by a jelly's acid

Vault maps used:
D:1:      dpeg_arrival_circle_labyrinth_c, corexii_item_surrounded_by_moat
D:3:      nicolae_overflow_hidden_temple, first_ration
D:4:      nicolae_ossuary_entry_plus, serial_bayou_ford_a,
          kennysheep_generic_room_9, uniq_duvessa, uniq_grinder
D:5:      cheibrodos_barr_body
Ossuary:  minmay_ossuary_two_tombs

Skill      XL: |  1  2  3  4  5  6  7  8 |
---------------+-------------------------+-----
Axes           | 5 6 8 10 11 12 | 12.0
Fighting       | |  3.6
Armour         | |  2.1
Dodging        | |  1.5

Action                   |  1- 3 |  4- 6 |  7- 9 || total
-------------------------+-------+-------+-------++-------
Melee: Hand axe          |    70 |    34 |   223 ||   327
Invok: Berserk           |     2 |     4 |     3 ||     9
       Trog's Hand       |       |     1 |     2 ||     3
  Use: Scroll            |       |     7 |     1 ||     8
       Potion            |       |       |     1 ||     1
  Eat: Chunk             |     1 |     4 |     2 ||     7
       Ration            |       |       |     2 ||     2
Armor: Animal skin       |     7 |     2 |       ||     9
       Leather armour    |       |     1 |    30 ||    31
Dodge: Dodged            |    49 |    14 |    61 ||   124
Block: Other             |       |       |    19 ||    19

Table legend:
 A = Spawn XP
 B = Non-spawn XP
 C = Spawn XP percentage of total XP
 D = Spawn monster count
 E = Non-spawn monster count
 F = Spawn count percentage of total count
 G = Total turns spent on level
                    A         B        C        D         E        F      G
               +---------+---------+-------+---------+---------+-------+---------
         Total |       0 |    1304 |   0.0 |       0 |      92 |   0.0 |  2270
               +---------+---------+-------+---------+---------+-------+---------
           D:1 |       0 |      16 |   0.0 |       0 |       9 |   0.0 |   482
           D:2 |       0 |      67 |   0.0 |       0 |      14 |   0.0 |   446
           D:3 |       0 |     296 |   0.0 |       0 |      19 |   0.0 |   220
           D:4 |       0 |     305 |   0.0 |       0 |       4 |   0.0 |   175
           D:5 |       0 |      56 |   0.0 |       0 |       7 |   0.0 |    75
       Ossuary |       0 |     564 |   0.0 |       0 |      39 |   0.0 |   872
               +---------+---------+-------+---------+---------+-------+---------

Vault maps used:
D:1:      dpeg_arrival_circle_labyrinth_c, corexii_item_surrounded_by_moat
D:3:      nicolae_overflow_hidden_temple, first_ration
D:4:      nicolae_ossuary_entry_plus, serial_bayou_ford_a,
          kennysheep_generic_room_9, uniq_duvessa, uniq_grinder
D:5:      cheibrodos_barr_body
Ossuary:  minmay_ossuary_two_tombs

Table legend:
 A = Turns spent in this place as a percentage of turns spent in the entire game.
 B = Non-inter-level travel turns spent in this place as a percentage of non-inter-level travel turns spent in the entire game.
 C = Inter-level travel turns spent in this place as a percentage of turns spent in this place.
 D = Turns resting spent in this place as a percentage of non-inter-level travel turns spent in this place.
 E = Turns spent auto-exploring this place as a percentage of non-inter-level travel turns spent in this place.
 F = Non-inter-level travel turns spent in this place divided by the number of levels of this place that you've seen.
                   A       B       C       D       E      F
               +-------+-------+-------+-------+-------+----------------------
         Total | 100.0 | 100.0 |   1.5 |  24.0 |  41.1 | 372.7
       Dungeon |  61.6 |  61.0 |   2.4 |  17.7 |  49.1 | 272.8
       Ossuary |  38.4 |  39.0 |   0.0 |  33.8 |  28.6 | 872.0
               +-------+-------+-------+-------+-------+----------------------

Table legend:
 A = Kills in this place as a percentage of kills in entire the game.
 B = Kills by you in this place as a percentage of kills by you in the entire game.
 C = Kills by friends in this place as a percentage of kills by friends in the entire game.
 D = Other kills in this place as a percentage of other kills in the entire game.
 E = Experience gained in this place as a percentage of experience gained in the entire game.
 F = Experience gained in this place divided by the number of levels of this place that you have seen.
                   A       B       C       D       E      F
               +-------+-------+-------+-------+-------+----------------------
         Total | 100.0 | 100.0 |   N/A |   N/A | 100.0 | 217.3
       Dungeon |  57.6 |  57.6 |   N/A |   N/A |  56.7 | 148.0
       Ossuary |  42.4 |  42.4 |   N/A |   N/A |  43.3 | 564.0
               +-------+-------+-------+-------+-------+----------------------
